 Dungeon Crawl Stone Soup version 0.25-a0-1113-g0499d652a8 (webtiles) character file.

Game seed: 832445317564271784, levelgen mode: deterministic

2547 tilp the Nimble (level 9, -7/59 HPs)
             Began as a Kobold Arcane Marksman on May 16, 2020.
             Mangled by an orc warrior
             ... wielding a +0 halberd
              (19 damage)
             ... on level 7 of the Dungeon.
             The game lasted 00:17:09 (6298 turns).

tilp the Nimble (Kobold Arcane Marksman)            Turns: 6298, Time: 00:17:10

Health: -7/59      AC: 22    Str: 10    XL:     9   Next: 86%
Magic:  12/12      EV:  9    Int: 14    God:
Gold:   354        SH:  5    Dex: 20    Spells: 9/12 levels left

rFire    . . .     SeeInvis .   b - +8 long sword of the Feather {freeze, rElec}
rCold    . . .     Gourm    .   (shield restricted)
rNeg     + . .     Faith    .   A - +8 chain mail of Pathos {Dex+4}
rPois    .         Spirit   .   v - +2 helmet
rElec    +         Reflect  +   c - scarf {repulsion}
rCorr    .         Harm     .   r - +2 pair of gloves
MR       +....                  (no boots)
Stlth    +.........             g - amulet of reflection
HPRegen  0.19/turn              w - ring of protection from magic
MPRegen  0.13/turn              z - ring of positive energy

@: repel missiles
A: small, carnivore
a: no special abilities


You were on level 7 of the Dungeon.
You were not hungry.

You visited 1 branch of the dungeon, and saw 7 of its levels.
You also visited: Ossuary.

You collected 354 gold pieces.

Inventory:

Hand Weapons
 a - a +1 hand crossbow
 b - the +8 long sword of the Feather (weapon) {freeze, rElec}
   (You found it on level 4 of the Dungeon)

   It has been specially enchanted to freeze those struck by it, causing extra
   injury to most foes and up to half again as much damage against particularly
   susceptible opponents.
   It can also slow down cold-blooded creatures.
   It insulates you from electricity.
 L - a +3 flail
Missiles
 d - 82 bolts
 x - 31 poisoned darts (quivered)
Armour
 c - a scarf of repulsion (worn)
 n - a +1 leather armour
 r - a +2 pair of gloves (worn)
 v - a +2 helmet (worn)
 A - the +8 chain mail of Pathos (worn) {Dex+4}
   (You found it on level 4 of the Dungeon)

   It affects your dexterity (+4).
Jewellery
 g - an amulet of reflection (around neck)
 k - an uncursed amulet of regeneration
 w - a ring of protection from magic (left hand)
 z - a ring of positive energy (right hand)
 B - an uncursed ring of resist corrosion
Wands
 y - a wand of polymorph (10)
 D - a wand of disintegration (21)
 I - a wand of clouds (4)
Scrolls
 h - 3 scrolls of fear
 j - a scroll of amnesia {unknown}
 p - 5 scrolls of teleportation
 q - 7 scrolls of remove curse
 s - a scroll of noise {unknown}
 E - a scroll of enchant weapon
 F - 2 scrolls of immolation
Potions
 e - 2 potions of might
 i - 2 potions of berserk rage
 l - 2 potions of stabbing
 m - a potion of flight
 o - a potion of ambrosia {unknown}
 t - a potion of curing {unknown}
 C - 3 potions of mutation {unknown}
 H - 2 potions of magic {unknown}
 J - a potion of resistance {unknown}
 K - 2 potions of heal wounds {unknown}
Comestibles
 f - 17 rations


   Skills:
 + Level 8.0 Fighting
 - Level 2.4 Crossbows
 + Level 8.3 Dodging
 + Level 7.9 Stealth
 - Level 2.0 Spellcasting
 - Level 5.0 Hexes
 - Level 4.0 Evocations


You had 9 spell levels left.
You knew the following spells:

 Your Spells              Type           Power        Failure   Level  Hunger
a - Corona                Hex            ###....      95%         1    ##.....
b - Slow                  Hex            ###.....     99%         2    ###....

Your spell library contained the following spells:

 Spells                   Type           Power        Failure   Level  Hunger
 Confusing Touch          Hex            ###.....     100%        3    ####...
 Gell's Gravitas          Tloc           #.........   100%        3    ####...
 Inner Flame              Hex/Fire       #.......     100%        3    ####...
 Portal Projectile        Hex/Tloc       #.....       100%        3    ####...
 Cause Fear               Hex            ###.......   100%        4    #####..
 Leda's Liquefaction      Hex/Erth       #.........   100%        4    #####..
 Petrify                  Tmut/Erth      #.......     100%        4    #####..
 Metabolic Englaciation   Hex/Ice        #.........   100%        5    ######.
 Yara's Violent Unravell  Hex/Tmut       #.........   100%        5    ######.


Dungeon Overview and Level Annotations

Branches:
Dungeon (7/15)             Temple (0/1) D:7         Ossuary (visited)

Altars:
Dithmenos
Fedhas
Gozag
Nemelex Xobeh
Sif Muna
Uskayaw
Vehumet
Xom

Shops:
D:6 [

Annotations:
D:3 exclusion: oklob plant, Sigmund


Innate Abilities, Weirdness & Mutations

You are small and have problems with some larger weapons.
You are carnivorous and can eat meat at any time.


Message History

a +0 club; an orc corpse You slash the orc warrior!
You freeze the orc warrior.
The orc warrior is heavily wounded.
The orc throws a boomerang.
The boomerang hits you but does no damage.
The weapon returns to the orc!
Your chain mail of Pathos prevents you from hitting the orc warrior.
The orc warrior is heavily wounded.
You block the orc warrior's attack.
The orc throws a boomerang.
The boomerang is repelled.
The weapon returns to the orc!
The orc warrior hits you but does no damage.
Unknown command.
Your chain mail of Pathos prevents you from hitting the orc warrior.
The orc warrior is heavily wounded.
The orc throws a boomerang.
You reflect the boomerang off an invisible shield around you!
The boomerang completely misses the orc.
The weapon returns to the orc!
The orc warrior hits you with a +0 halberd!!
You die...

.(.....# .... .......#
... ......# ... #.....#
#.. #.....# ##.# .$ o# #
#.....# #..###.##$#
######.....# #.)$.....)##
....(......# ##..# ......
...........###.o@# ....##
...........##...###.....#
.........()#...o........#
......#...†...#.....#...#
......###.#.###..>..# #
......# #.#...#.....#..
......# #.##...........#
####### #.###...###.....(
..# ##...# .!.###


You could see an orc warrior and an orc.

Vanquished Creatures
  A hungry ghost (D:7)
  An orc warrior (D:6)
  2 ice beasts (D:5)
  A sky beast (D:4)
  A phantom (D:6)
  3 centaurs
  5 elf zombies (Ossuary)
  5 bullfrogs
  3 scorpions
  3 wights (D:6)
  A crimson imp (D:6)
  2 bullfrog zombies (D:6)
  A human zombie (Ossuary)
  A centaur zombie (Ossuary)
  A gnoll shaman (D:6)
  A centaur skeleton (D:6)
  2 orc priests (D:7)
  3 hounds
  A jelly (D:5)
  An orc wizard (D:4)
  2 bullfrog skeletons
  An iguana (D:6)
  2 worker ants (D:4)
  A big kobold zombie (Ossuary)
  A hound skeleton (D:4)
  A hound zombie (D:6)
  2 mummies (Ossuary)
  3 gnolls (D:6)
  3 adders
  An ooze (D:3)
  An adder skeleton (D:4)
  4 worms
  3 dart slugs (D:1)
  7 leopard geckos
  8 orcs
  4 ball pythons
  7 bats
  7 giant cockroaches
  4 goblins
  7 hobgoblins
  6 jackals
  3 kobolds
  3 quokkas
  6 frilled lizards
  A giant cockroach zombie (D:6)
  10 hobgoblin zombies (Ossuary)
  2 jackal skeletons
  A jackal zombie (Ossuary)
  7 kobold zombies (Ossuary)
  11 orc zombies (Ossuary)
  2 quokka skeletons
  4 rats
164 creatures vanquished.

Notes
Turn   | Place    | Note
-------+----------+-------------------------------------------
     0 | D:1      | tilp the Kobold Arcane Marksman began the quest for the
                  | Orb.
     0 | D:1      | Reached XP level 1. HP: 12/12 MP: 2/2
   396 | D:1      | Reached XP level 2. HP: 11/17 MP: 3/3
   438 | D:1      | Learned a level 2 spell: Slow
   704 | D:1      | Reached XP level 3. HP: 20/23 MP: 4/4
  1751 | D:2      | Reached XP level 4. HP: 24/29 MP: 5/5
  2559 | D:3      | Noticed a bullfrog
  2569 | D:3      | Killed a bullfrog
  2569 | D:3      | Reached XP level 5. HP: 24/33 MP: 4/8
  2669 | D:3      | Found a shadowy altar of Dithmenos.
  2682 | D:3      | Noticed Sigmund
  3052 | D:3      | Found a blossoming altar of Fedhas.
  3071 | D:3      | Noticed an oklob plant
  3524 | D:4      | Reached XP level 6. HP: 27/38 MP: 7/9
  3619 | D:4      | Got a heavily runed chain mail
  3630 | D:4      | Identified the +8 chain mail of Pathos {Dex+4} (You found
                  | it on level 4 of the Dungeon)
  3695 | D:4      | Reached skill level 5 in Hexes
  3695 | D:4      | Reached skill level 1 in Stealth
  4030 | D:4      | Reached XP level 7. HP: 44/44 MP: 10/10
  4119 | D:4      | Got a twisted long sword
  4120 | D:4      | Identified the +8 long sword of the Feather {freeze, rElec}
                  | (You found it on level 4 of the Dungeon)
  4181 | D:4      | Reached skill level 5 in Fighting
  4258 | D:4      | Found a shimmering blue altar of Sif Muna.
  4387 | D:4      | Found a radiant altar of Vehumet.
  4429 | D:4      | Found an opulent altar of Gozag.
  4463 | D:5      | Entered Level 5 of the Dungeon
  4488 | D:5      | Found a sand-covered staircase.
  4494 | Ossuary  | Entered an ossuary
  4651 | Ossuary  | Reached XP level 8. HP: 29/50 MP: 11/11
  4677 | Ossuary  | Reached skill level 5 in Dodging
  5014 | D:5      | Found a sparkling altar of Nemelex Xobeh.
  5212 | D:5      | Noticed a +0 hand axe
  5213 | D:5      | Noticed a +0 dagger
  5215 | D:5      | Found a hide-covered altar of Uskayaw.
  5244 | D:5      | Found an iron altar of Okawaru.
  5246 | D:5      | Found an iron altar of Okawaru.
  5246 | D:5      | Found a shimmering altar of Xom.
  5248 | D:5      | Found an opulent altar of Gozag.
  5248 | D:5      | Found a shimmering altar of Xom.
  5248 | D:5      | Found a hide-covered altar of Uskayaw.
  5337 | D:5      | Reached skill level 5 in Stealth
  5337 | D:5      | Reached XP level 9. HP: 56/56 MP: 12/12
  5948 | D:6      | Found Aden's Armour Boutique.
  6274 | D:7      | Found a staircase to the Ecumenical Temple.
  6298 | D:7      | Mangled by an orc warrior

Illustrated notes

Levels and vault maps discovered:
D:1:      minmay_arrival_three_doors, layout_basic, st_stairs_8,
          minmay_misc_feat_enclosed
D:2:      layout_basic, minmay_diced_spiral
D:3:      layout_basic, lemuel_doored_altar, tgw_fedhas, uniq_sigmund
D:4:      layout_basic, kennysheep_mini, lemuel_coloured_pillars_altar,
          grunt_gozag_breadcrumbs, first_ration
D:5:      layout_gridville, dancing_weapons_uskayaw, doesnt_xom_only_xom,
          old_standard_altar, nicolae_ossuary_entry_plus,
          minmay_misc_feat_more_columns
D:6:      layout_cave_pools, serial_shops, shop
D:7:      layout_basic, chequers_temple_overflow_statue_of_worship,
          minmay_temple_entry_tees, enter_bailey_2

Skill      XL: |  1  2  3  4  5  6  7  8  9 |
---------------+----------------------------+-----
Fighting       | 2 3 4 5 6 8 |  8.0
Spellcasting   | 2 |  2.0
Hexes          | 4 5 |  5.0
Stealth        | 2 4 5 7 |  7.9
Dodging        | 3 4 6 8 |  8.3
Evocations     | 4 |  4.0
Crossbows      | |  2.4

Action                   |  1- 3 |  4- 6 |  7- 9 || total
-------------------------+-------+-------+-------++-------
Melee: Club              |    21 |       |       ||    21
       Mace              |    98 |   174 |    20 ||   292
       Long sword        |       |       |   307 ||   307
 Fire: Hand crossbow     |    13 |    51 |     9 ||    73
Throw: Dart              |       |       |     4 ||     4
 Cast: Corona            |     9 |     8 |       ||    17
       Slow              |       |     1 |       ||     1
  Use: Scroll            |     2 |     7 |     6 ||    15
 Stab: Sleeping          |       |     1 |       ||     1
  Eat: Chunk             |    12 |     7 |     7 ||    26
Armor: Robe              |    17 |       |       ||    17
       Leather armour    |     3 |    37 |       ||    40
       Chain mail        |       |    56 |   233 ||   289
Dodge: Dodged            |   116 |   106 |   121 ||   343
       Repelled          |       |     2 |     7 ||     9
Block: Other             |    28 |    61 |    90 ||   179
       Reflection        |     1 |     1 |     3 ||     5
       Rpst.: Long sword |       |       |    29 ||    29

Table legend:
 A = Non-vault XP
 B = Vault XP
 C = Vault XP percentage of total XP
 D = Non-vault monster count
 E = Vault monster count
 F = Vault count percentage of total count
                 A         B        C        D         E       F
            +---------+---------+-------+---------+---------+-------
      Total |    2972 |     667 |  18.3 |     120 |      44 |  26.8
            +---------+---------+-------+---------+---------+-------
        D:1 |      54 |       3 |   5.3 |      26 |       2 |   7.1
        D:2 |      49 |       5 |   9.3 |      15 |       3 |  16.7
        D:3 |     148 |       0 |   0.0 |      10 |       0 |   0.0
        D:4 |     560 |       0 |   0.0 |      25 |       0 |   0.0
        D:5 |     579 |       0 |   0.0 |      11 |       0 |   0.0
        D:6 |    1028 |       0 |   0.0 |      25 |       0 |   0.0
        D:7 |     554 |       0 |   0.0 |       8 |       0 |   0.0
    Ossuary |       0 |     659 | 100.0 |       0 |      39 | 100.0
            +---------+---------+-------+---------+---------+-------
